 Dungeon Crawl Stone Soup version 0.31-a0-609-g7bf6ffcfed (webtiles) character file.

Game seed: 9102479598614563553

232 rddays123 the Trooper (level 5, -2/50 HPs)
             Began as a Minotaur Fighter on Aug 22, 2023.
             Slain by Edmund
             ... wielding a +2 flail of holy wrath
              (4 damage)
             ... on level 4 of the Dungeon.
             The game lasted 00:05:10 (2262 turns).

rddays123 the Trooper (Minotaur Fighter)            Turns: 2262, Time: 00:05:11

Health: -2/50      AC:  9    Str: 23    XL:     5   Next: 73%
Magic:  4/4        EV:  9    Int:  5    God:
Gold:   178        SH:  5    Dex: 15    Spells: 4/4 levels left

rFire   . . .        a - +0 war axe
rCold   . . .        c - +0 buckler
rNeg    . . .        b - +0 scale mail
rPois   .            (helmet restricted)
rElec   .            f - +0 cloak
rCorr   .            (no gloves)
SInv    .            r - +0 pair of boots
Will    .....        n - amulet of the acrobat Stlth
                     o - +6 ring of dexterity
HPRegen 0.28/turn    (no ring)
MPRegen 0.09/turn

%: acrobat
@: no status effects
A: horns 2, retaliatory headbutt
a: no special abilities


You were on level 4 of the Dungeon.
You visited 1 branch of the dungeon, and saw 4 of its levels.

You collected 178 gold pieces.

Inventory:

Hand Weapons
 a - a +0 war axe (weapon)
 m - a +3 sling of flaming
Armour
 b - a +0 scale mail (worn)
 c - a +0 buckler (worn)
 f - a +0 cloak (worn)
 r - a +0 pair of boots (worn)
Jewellery
 n - an amulet of the acrobat (around neck)
 o - a +6 ring of dexterity (left hand)
 p - an amulet of faith
Scrolls
 e - 2 scrolls of identify {unknown}
 g - a scroll of teleportation {unknown}
 h - a scroll of silence {unknown}
 i - a scroll of enchant weapon {unknown}
 l - 2 scrolls of revelation
 q - 2 scrolls of blinking {unknown}
Potions
 d - a potion of might
 j - a potion of attraction {unknown}
 k - 2 potions of ambrosia {unknown}


   Skills:
 + Level 5.8 Fighting
 - Level 3.0 Axes
 + Level 3.4 Ranged Weapons
 - Level 4.1 Armour
 - Level 4.1 Shields


You had 4 spell levels left.
You didn't know any spells.
Your spell library was empty.

Dungeon Overview and Level Annotations

Branches:
Dungeon (4/15)
 Temple: D:4-7

Altars:
Cheibriados
Trog
Uskayaw

Shops:
D:3 *

Annotations:
D:4 Edmund


Innate Abilities, Weirdness & Mutations

You have a pair of horns on your head.
You reflexively headbutt those who attack you in melee.


Message History

Edmund barely misses you.
You hit Edmund.
Edmund is heavily wounded.
Edmund hits you but does no damage.
You completely miss Edmund.
Edmund is heavily wounded.
Edmund hits you but does no damage.
Edmund hits you with a +2 flail of holy wrath.
You barely miss Edmund.
Edmund is heavily wounded.
Edmund hits you with a +2 flail of holy wrath.
You hit Edmund. You headbutt Edmund.
Edmund is severely wounded.
Edmund barely misses you.
Edmund hits you with a +2 flail of holy wrath.
You barely miss Edmund.
Edmund is severely wounded.
Edmund hits you with a +2 flail of holy wrath.
You slash Edmund!
Edmund is almost dead.
You block Edmund's attack.
You closely miss Edmund.
Edmund is almost dead.
Edmund hits you with a +2 flail of holy wrath!
* * * LOW HITPOINT WARNING * * *
Edmund says, "Everyone always remembers my brother. 'Who's Edmund?' they ask!"
Edmund hits you with a +2 flail of holy wrath.
* * * LOW HITPOINT WARNING * * *
You barely miss Edmund.
Edmund is almost dead.
Edmund hits you with a +2 flail of holy wrath!
* * * LOW HITPOINT WARNING * * *
You hit Edmund.
Edmund is almost dead.
Edmund hits you but does no damage.
You hit Edmund.
Edmund is almost dead.
Edmund hits you with a +2 flail of holy wrath.
You die...
Edmund whines, "They better pay attention to me now!"

### ... # ##.## #######
#P.P# ### #......
##≈.≈## #.. ######.
###≈≈.≈≈##.♣.♣ ###....
.##P≈≈≈.≈≈≈P.... #<..##.
.......@@.....8. ######.
.##P≈≈≈.≈≈≈P.... #......
###≈≈.≈≈##.♣.♣ #######
##≈.≈## †. #P.P# #####
##.## ##...## ###.#
##.....## ##.#.#
##.......## #
####....###.........####


You could see Edmund.

Vanquished Creatures
  Sigmund (D:2)
  An adder (D:2)
  A worm (D:3)
  4 dart slugs
  An orc (D:3)
  6 ball pythons
  7 bats
  5 endoplasms
  4 giant cockroaches
  6 goblins
  3 hobgoblins
  4 jackals (D:1)
  A kobold (D:3)
  6 quokkas
  A frilled lizard (D:2)
  3 rats
54 creatures vanquished.

Notes
Turn   | Place    | Note
-------+----------+-------------------------------------------
     0 | D:1      | rddays123 the Minotaur Fighter began the quest for the Orb.
     0 | D:1      | Reached XP level 1. HP: 19/19 MP: 0/0
   115 | D:1      | Reached XP level 2. HP: 27/27 MP: 1/1
   344 | D:1      | Reached skill level 4 in Fighting
   423 | D:1      | Reached XP level 3. HP: 32/33 MP: 2/2
  1119 | D:2      | Reached skill level 1 in Ranged Weapons
  1253 | D:2      | Reached XP level 4. HP: 41/41 MP: 3/3
  1317 | D:2      | Noticed Sigmund
  1323 | D:2      | Killed Sigmund
  1324 | D:2      | Reached skill level 5 in Fighting
  1324 | D:2      | Reached XP level 5. HP: 50/50 MP: 4/4
  1500 | D:3      | Found a bloodstained altar of Trog.
  1500 | D:3      | Found a snail-covered altar of Cheibriados.
  1797 | D:3      | Found a hide-covered altar of Uskayaw.
  1928 | D:3      | Found Xuukli's Assorted Antiques.
  2240 | D:4      | Noticed Edmund
  2260 | D:4      | HP: 1/50 [Edmund/+2 flail of holy wrath (8)]
  2262 | D:4      | Slain by Edmund

Illustrated notes

Levels and vault maps discovered:
D:1:      sevenhm_arrival_forest_fort_small_4, layout_basic
D:2:      layout_loops_ring, uniq_sigmund
D:3:      layout_loops_cross, mainiacjoe_overflow_catwalk,
          gammafunk_temple_overflow_wave, serial_shops, shop
D:4:      layout_loops_corners, dreamdust_princess_bridge,
          hangedman_decor_diamond_cutter, uniq_edmund

Skill      XL: |  1  2  3  4 |
---------------+-------------+-----
Armour         | 4 |  4.1
Shields        | 4 |  4.1
Fighting       | 4 5 |  5.8
Axes           | 3 |  3.0
Ranged Weapons | 1 3 |  3.4

Action                     |  1- 3 |  4- 6 || total
---------------------------+-------+-------++-------
  Melee: War axe           |    59 |    11 ||    70
         Headbutt          |     6 |     1 ||     7
   Fire: Sling             |    39 |    40 ||    79
    Use: Scroll            |       |     1 ||     1
 Armour: Scale mail        |    40 |    12 ||    52
  Dodge: Dodged            |    40 |    11 ||    51
  Block: Buckler           |    13 |     5 ||    18

Table legend: (Time is in decaauts)
 A = Elapsed time spent in this place.
 B = Non-inter-level travel time spent in this place.
 C = Inter-level travel time spent in this place.
 D = Time resting spent in this place.
 E = Time spent auto-exploring this place.
 F = Levels seen in this place.
 G = Mean time per level.
                   A        B        C        D        E       F      G
               +--------+--------+--------+--------+--------+-----+--------+
         Total |   2336 |   2261 |     75 |     29 |   1796 |   4 |  584.0 |
       Dungeon |   2336 |   2261 |     75 |     29 |   1796 |   4 |  584.0 |
               +--------+--------+--------+--------+--------+-----+--------+

Top non-repeatable levels by time:
     D:1: 796 daAuts
     D:2: 716 daAuts
     D:3: 664 daAuts
     D:4: 158 daAuts
